Match 47009882
Unlisted

Match 47009882
End
Kradschützen Motorcycle Team
Kradschützen Motorcycle Team
Selects Panzerjäger Kommand Battlegroup
Selects Panzerjäger Kommand Battlegroup
Selects Mine Fields
250 Light Carrier
Construct Light Support Kompanie
Assault Grenadier Squad
MG34 Team
Construct Mechanized Kompanie
Selects Tank Busters
Support Armor Elements
Panzerjäger Mechanized Group
Flakvierling Half-track
Selects Defensive Positions
Vehicle Survival Package
Emergency Repair Kits
StuG III D Assault Gun
StuG III D Assault Gun
Selects Crew Shock Tactics
Marder III Tank Destroyer
Panzerjäger Mechanized Group
2.5-tonne Medical Truck
Selects Butterfly Bomb Drop
Butterfly Bomb Drop
MG34 Team
254 Reconnaissance Tractor
Willaguy
leo881202
0
0

Comments sign in to comment!

No comments posted yet!